 Dungeon Crawl Stone Soup version 0.30-b1-2-g02819fbbbe (webtiles) character file.

Game seed: 5464239897223123505

1292 Galthrax the Shield-Bearer (level 8, -4/61 HPs)
             Began as a Human Wanderer on May 18, 2023.
             Was an Initiate of the Shining One.
             Slain by an ogre
             ... wielding a +0 giant spiked club
              (29 damage)
             ... on level 6 of the Dungeon.
             The game lasted 00:11:16 (5781 turns).

Galthrax the Shield-Bearer (Human Wanderer)         Turns: 5781, Time: 00:11:16

Health: -4/61      AC: 11    Str: 12    XL:     8   Next: 86%
Magic:  8/8        EV:  6    Int: 16    God:    the Shining One [......]
Gold:   270        SH:  4    Dex: 10    Spells: 9/9 levels left

rFire   . . .        f - +0 whip (venom)
rCold   . . .        d - +0 buckler
rNeg    . . .        o - +0 chain mail
rPois   .            (no helmet)
rElec   .            (no cloak)
rCorr   .            g - +1 pair of gloves
SInv    .            (no boots)
Will    .....        (no amulet) Stlth
                     L - ring of flight
HPRegen 0.30/turn    (no ring)
MPRegen 0.11/turn

%: no passive effects
@: flying, glowing
A: low MP 1, weak 1
a: Renounce Religion


You were on level 6 of the Dungeon.
You worshipped the Shining One.
The Shining One was noncommittal.
You visited 1 branch of the dungeon, and saw 6 of its levels.

You collected 270 gold pieces.


Innate Abilities, Weirdness & Mutations

Your magical capacity is low. (-10% MP)
You are weak. (Str -2)


   Skills:
 + Level 4.6 Fighting
 - Level 0.4(2.8) Axes
 + Level 4.5 Maces & Flails
 - Level 1.0 Throwing
 + Level 4.4 Armour
 - Level 3.4 Dodging
 + Level 4.9 Shields
 - Level 1.0 Spellcasting
 - Level 2.0 Hexes
 - Level 2.0 Air Magic
 - Level 1.0 Invocations


You had 9 spell levels left.
You didn't know any spells.
Your spell library contained the following spells:

 Spells                   Type           Power      Damage    Failure   Level
 Slow                     Hex            28%        N/A       96%         1
 Shock                    Conj/Air       16%        1d4       99%         1
 Kiss of Death            Conj/Necr      0%         2d5       100%        1
 Summon Small Mammal      Summ           0%         N/A       100%        1
 Lesser Beckoning         Tloc           0%         N/A       100%        2
 Call Canine Familiar     Summ           0%         N/A       100%        3
 Confusing Touch          Hex            7%         N/A       100%        3
 Gell's Gravitas          Tloc           0%         N/A       100%        3
 Inner Flame              Hex/Fire       4%         N/A       100%        3
 Summon Guardian Golem    Hex/Summ       4%         N/A       100%        3
 Teleport Other           Tloc           0%         N/A       100%        3
 Vhi's Electric Charge    Tloc/Air       8%         N/A       100%        3
 Cause Fear               Hex            3%         N/A       100%        4
 Dispel Undead            Necr           0%         3d6       100%        4
 Summon Lightning Spire   Summ/Air       4%         N/A       100%        4
 Dispersal                Tloc           0%         N/A       100%        6
 Storm Form               Tmut/Air       2%         N/A       100%        7
 Maxwell's Capacitive Co  Air            3%         ∞         100%        8

Inventory:

Hand Weapons
 f - a +0 whip of venom (weapon)
   (You took it off a kobold on level 1 of the Dungeon)
Missiles
 a - 33 stones (quivered)
 k - 6 poisoned darts
Armour
 d - a +0 buckler (worn)
 g - a +1 pair of gloves (worn)
   (You found it on level 1 of the Dungeon)
 o - a +0 chain mail (worn)
   (You found it on level 2 of the Dungeon)
Jewellery
 L - a ring of flight (left hand)
   (You found it on level 1 of the Dungeon)
Wands
 j - a wand of charming (6)
   (You took it off a gnoll on level 4 of the Dungeon)
Scrolls
 c - 4 scrolls of teleportation {@r4}
 p - 2 scrolls of poison {!r}
Potions
 b - a potion of berserk rage {!q}
 e - a potion of magic
 h - a potion of invisibility
 i - 7 potions of attraction {!q}
 l - a potion of brilliance
 m - 3 potions of curing {@q1}
 r - 3 potions of ambrosia
 s - a potion of cancellation {unknown}

Dungeon Overview and Level Annotations

Branches:
Dungeon (6/15) Zot: 26739  Temple (0/1) D:4

Altars:
Elyvilon
Nemelex Xobeh
Trog
Xom
The Shining One

Annotations:
D:4 1 runed translucent door, erloom's ghost, amateur DrTm

........####.#
#......<...#.###<##.
..########..........
###.###.###
####.###.#
#........#
#.#..##### # #..#
#@.# #..O.#
#####.#.## ..#.....
#.....f## #.......
#......# #.#....# #.
#.#.##


You could see an ogre (extremely poisoned) and a sleepcap.


Message History

You hit the sleepcap but do no damage.
The sleepcap releases spores at you. 😮 HP[-2]
You take 2 damage, and now have 40/61 hp.
You hit the sleepcap but do no damage.
The sleepcap releases spores at you but does no damage. 😮 HP[+1]
You hit the sleepcap but do no damage. The sleepcap releases spores at you.
You are engulfed in a cloud of soporific spores!
You fall asleep.
The sleepcap releases spores at you but does no damage.
The sleepcap releases spores at you!
You wake up.
* * * LOW HITPOINT WARNING * * *
😨 HP[-18]
You take 18 damage, and now have 23/61 hp.
MASSIVE DAMAGE!! (PAUSE)
You hit the sleepcap but do no damage. The sleepcap releases spores at you.
* * * LOW HITPOINT WARNING * * *
You hit the sleepcap but do no damage. You block the sleepcap's attack.
You hit the sleepcap.
The sleepcap releases spores at you but does no damage.
You hit the sleepcap but do no damage. The sleepcap releases spores at you.
* * * LOW HITPOINT WARNING * * *
😨 HP[-2]
You take 2 damage, and now have 21/61 hp.
You hit the sleepcap. The sleepcap barely misses you.
You hit the sleepcap but do no damage.
The sleepcap is poisoned.
You completely miss the sleepcap.
The sleepcap releases spores at you but does no damage.
You hit the sleepcap.
The sleepcap barely misses you. 😨 HP[+1]
You hit the sleepcap but do no damage. The sleepcap releases spores at you.
* * * LOW HITPOINT WARNING * * *
You are engulfed in a cloud of soporific spores!
You fall asleep.
The sleepcap releases spores at you.
You wake up.
* * * LOW HITPOINT WARNING * * *
😱 HP[-9]
You take 9 damage, and now have 13/61 hp.
You hit the sleepcap but do no damage.
The sleepcap barely misses you. 😱 HP[+1]
You hit the sleepcap but do no damage.
The sleepcap releases spores at you but does no damage.
You hit the sleepcap. The sleepcap releases spores at you.
* * * LOW HITPOINT WARNING * * *
You are engulfed in a cloud of soporific spores!
You are unaffected. 😱 HP[-1]
You take 1 damage, and now have 13/61 hp.
You hit the sleepcap.
The sleepcap looks as sick as possible!
You destroy the sleepcap! 😱 HP[+1]
You start resting. 😎 HP[+47]
Your hp is fully restored (61).
There is a stone staircase leading down here.
You fly downwards.
There is a stone staircase leading up here.
A scorpion comes into view.
The scorpion stings you. 😕 HP[-6]
You take 6 damage, and now have 55/61 hp.
You hit the scorpion.
The scorpion barely misses you. 😕 HP[+1]
You hit the scorpion but do no damage.
The scorpion is poisoned.
You block the scorpion's attack.
You barely miss the scorpion.
The scorpion stings you but does no damage.
You barely miss the scorpion.
The scorpion barely misses you. 😕 HP[+1]
You hit the scorpion but do no damage.
The scorpion looks as sick as possible!
The scorpion stings you but does no damage.
You hit the scorpion.
The scorpion looks as sick as possible!
You kill the scorpion!
No target in view!
No target in view!
No target in view!
No target in view!
No target in view!
No target in view!
Found a stone staircase leading up. 😎 HP[+4]
Your hp is fully restored (61).
You now have 270 gold pieces (gained 5).
An ogre is nearby!
An ogre is nearby!
The ogre shouts!
The ogre hits you with a +0 giant spiked club!! 😮 HP[-21]
You take 21 damage, and now have 40/61 hp.
MASSIVE DAMAGE!! (PAUSE)
You hit the ogre.
The ogre is poisoned.
The ogre hits you with a +0 giant spiked club!
* * * LOW HITPOINT WARNING * * *
😨 HP[-15]
You take 15 damage, and now have 25/61 hp.
MASSIVE DAMAGE!! (PAUSE)
You hit the ogre.
The ogre looks as sick as possible!
You hit the ogre.
The ogre looks as sick as possible!
The ogre hits you with a +0 giant spiked club!!
You die...

Skill      XL: |  1  2  3  4  5  6  7  8 |
---------------+-------------------------+-----
Fighting       | 1 2 3 4 |  4.6
Maces & Flails | 1 2 3 4 |  4.5
Shields        | 2 3 4 |  4.9
Armour         | 1 2 3 4 |  4.4
Dodging        | 3 |  3.4
Axes           | |  0.4
Throwing       | |  1.0
Spellcasting   | |  1.0
Hexes          | |  2.0
Air Magic      | |  2.0
Invocations    | |  1.0

Action                     |  1- 3 |  4- 6 |  7- 9 || total
---------------------------+-------+-------+-------++-------
  Melee: Club              |    17 |       |       ||    17
         Hand axe          |    21 |       |       ||    21
         Whip              |    89 |   231 |   174 ||   494
  Throw: Stone             |       |    22 |       ||    22
         Dart              |       |     4 |       ||     4
    Use: Scroll            |       |    15 |     3 ||    18
         Potion            |       |     1 |     1 ||     2
 Armour: Robe              |    23 |       |       ||    23
         Leather armour    |    12 |    62 |       ||    74
         Chain mail        |       |    10 |    98 ||   108
  Dodge: Dodged            |    90 |   121 |    51 ||   262
  Block: Buckler           |    32 |    49 |    37 ||   118

Levels and vault maps discovered:
D:1:      dpeg_arrival_caged_fury, layout_loops_ring,
          nicolae_kite_square_tiling_tiny
D:2:      layout_basic
D:3:      layout_rooms, mainiacjoe_overflow_paths, grunt_ministairs_14,
          kennysheep_crisscross, serial_park_tiny_1
D:4:      layout_basic, minmay_temple_entry_trees,
          hellmonk_ghost_happy_afterlife, kennysheep_path_1,
          dreamdust_gnoll_farm, uniq_pargi, uniq_eustachio
D:5:      layout_cave_pools, lemuel_coloured_pillars_altar,
          gammafunk_temple_overflow_claw
D:6:      layout_loops_ring

Notes
Turn   | Place    | Note
-------+----------+-------------------------------------------
     0 | D:1      | Galthrax the Human Wanderer began the quest for the Orb.
     0 | D:1      | Galthrax set off with the following items: a +0 club, a
                  | potion of berserk rage {!q}, a +0 robe, a +0 buckler; and
                  | the following spells available to memorise: Slow, Shock,
                  | Inner Flame, Vhi's Electric Charge, Cause Fear.
     0 | D:1      | Reached XP level 1. HP: 13/13 MP: 2/2
     0 | D:1      | magus.rc [v1.11.6]
     1 | D:1      | Found a runed translucent door.
   197 | D:1      | Reached XP level 2. HP: 14/20 MP: 3/3
   398 | D:1      | Reached XP level 3. HP: 18/25 MP: 4/4
   445 | D:1      | Reached skill level 1 in Fighting
  1001 | D:1      | Reached skill level 1 in Maces & Flails
  1029 | D:1      | Reached XP level 4. HP: 25/32 MP: 5/5
  1068 | D:2      | HP: 8/32 [frozen (4)]
  1347 | D:2      | Reached skill level 2 in Shields
  1560 | D:2      | Reached skill level 1 in Armour
  1891 | D:2      | Gained mutation: You have hidden genetic defects. [potion
                  | of mutation]
  1939 | D:3      | Reached XP level 5. HP: 33/37 MP: 6/6
  1955 | D:3      | Gained mutation: You are weak. (Str -2) [hidden defects]
  2008 | D:3      | You add the spells Lesser Beckoning, Gell's Gravitas and
                  | Teleport Other to your library.
  2026 | D:3      | You add the spells Summon Small Mammal, Call Canine
                  | Familiar and Summon Guardian Golem to your library.
  2114 | D:3      | Found a glowing golden altar of the Shining One.
  2155 | D:3      | HP: 9/38 [poisoned by a kobold]
  2164 | D:3      | Became a worshipper of the Shining One
  2442 | D:3      | You add the spells Kiss of Death, Confusing Touch and
                  | Dispel Undead to your library.
  2473 | D:3      | Gained mutation: Your magical capacity is low. (-10% MP)
                  | [hidden defects]
  2473 | D:3      | Lost mutation: You have hidden genetic defects. [hidden
                  | defects expressed]
  2696 | D:3      | Reached skill level 3 in Dodging
  2907 | D:4      | Noticed Pargi
  2934 | D:4      | Killed Pargi
  2935 | D:4      | Reached skill level 2 in Fighting
  2935 | D:4      | Reached skill level 2 in Maces & Flails
  2935 | D:4      | Reached skill level 2 in Armour
  2935 | D:4      | Reached XP level 6. HP: 29/45 MP: 6/6
  3069 | D:4      | You add the spell Dispersal to your library.
  3128 | D:4      | Found a staircase to the Ecumenical Temple.
  3272 | D:4      | Found a runed translucent door.
  3272 | D:4      | Noticed erloom's ghost (amateur DrTm)
  3437 | D:4      | Reached skill level 3 in Shields
  3700 | D:5      | Entered Level 5 of the Dungeon
  3925 | D:4      | Noticed Eustachio
  3941 | D:4      | Killed Eustachio
  3942 | D:4      | Reached skill level 3 in Fighting
  3942 | D:4      | Reached XP level 7. HP: 31/52 MP: 7/7
  4138 | D:4      | Reached skill level 3 in Maces & Flails
  4194 | D:4      | Reached skill level 3 in Armour
  4508 | D:4      | HP: 10/52 [gnoll/+0 flail[a gnoll bouda] (7)]
  4515 | D:4      | Reached XP level 8. HP: 37/59 MP: 8/8
  4517 | D:4      | Reached skill level 4 in Shields
  4712 | D:5      | You add the spells Summon Lightning Spire, Storm Form and
                  | Maxwell's Capacitive Coupling to your library.
  4820 | D:5      | Reached skill level 4 in Fighting
  4830 | D:5      | Reached skill level 4 in Maces & Flails
  5064 | D:5      | Reached skill level 4 in Armour
  5250 | D:5      | Found a sparkling altar of Nemelex Xobeh.
  5250 | D:5      | Found a bloodstained altar of Trog.
  5251 | D:5      | Found a white marble altar of Elyvilon.
  5453 | D:5      | Found a shimmering altar of Xom.
  5560 | D:5      | HP: 13/61 [sleepcap (6)]
  5781 | D:6      | Slain by an ogre

Vanquished Creatures
  Eustachio (D:4)
  Pargi (D:4)
  A black bear (D:5)
  A centaur (D:5)
  An ogre (D:5)
  A bullfrog (D:5)
  4 scorpions
  4 hounds
  A gnoll bouda (D:4)
  An iguana (D:5)
  A sleepcap (D:5)
  15 gnolls
  5 adders
  A worm (D:2)
  4 dart slugs
  9 orcs
  10 endoplasms
  7 giant cockroaches
  10 hobgoblins
  7 jackals (D:1)
  4 kobolds
  4 quokkas
  10 ball pythons
  4 bats
  5 frilled lizards
  4 goblins
  8 rats
124 creatures vanquished.

Vanquished Creatures (others)
  9 fungi (D:4)
9 creatures vanquished.

Grand Total: 133 creatures vanquished

Table legend:
 A = Non-vault XP
 B = Vault XP
 C = Vault XP percentage of total XP
 D = Non-vault monster count
 E = Vault monster count
 F = Vault count percentage of total count
                 A         B        C        D         E       F
            +---------+---------+-------+---------+---------+-------
      Total |    1375 |     472 |  25.6 |      98 |      26 |  21.0
            +---------+---------+-------+---------+---------+-------
        D:1 |      44 |      30 |  40.5 |      27 |      16 |  37.2
        D:2 |      59 |       0 |   0.0 |      18 |       0 |   0.0
        D:3 |      47 |      44 |  48.4 |      16 |       3 |  15.8
        D:4 |     277 |     398 |  59.0 |      19 |       7 |  26.9
        D:5 |     785 |       0 |   0.0 |      16 |       0 |   0.0
        D:6 |     163 |       0 |   0.0 |       2 |       0 |   0.0
            +---------+---------+-------+---------+---------+-------

Skill      XL: |  1  2  3  4  5  6  7  8 |
---------------+-------------------------+-----
Fighting       | 1 2 3 4 |  4.6
Maces & Flails | 1 2 3 4 |  4.5
Shields        | 2 3 4 |  4.9
Armour         | 1 2 3 4 |  4.4
Dodging        | 3 |  3.4
Axes           | |  0.4
Throwing       | |  1.0
Spellcasting   | |  1.0
Hexes          | |  2.0
Air Magic      | |  2.0
Invocations    | |  1.0

Action                     |  1- 3 |  4- 6 |  7- 9 || total
---------------------------+-------+-------+-------++-------
  Melee: Club              |    17 |       |       ||    17
         Hand axe          |    21 |       |       ||    21
         Whip              |    89 |   231 |   174 ||   494
  Throw: Stone             |       |    22 |       ||    22
         Dart              |       |     4 |       ||     4
    Use: Scroll            |       |    15 |     3 ||    18
         Potion            |       |     1 |     1 ||     2
 Armour: Robe              |    23 |       |       ||    23
         Leather armour    |    12 |    62 |       ||    74
         Chain mail        |       |    10 |    98 ||   108
  Dodge: Dodged            |    90 |   121 |    51 ||   262
  Block: Buckler           |    32 |    49 |    37 ||   118

Illustrated notes

Table legend:
 A = Kills in this place as a percentage of kills in the entire game.
 B = Kills by you in this place as a percentage of kills by you in the entire game.
 C = Kills by friends in this place as a percentage of kills by friends in the entire game.
 D = Other kills in this place as a percentage of other kills in the entire game.
 E = Experience gained in this place as a percentage of experience gained in the entire game.
 F = Experience gained in this place divided by the number of levels of this place that you have seen.
                   A       B       C       D       E      F
               +-------+-------+-------+-------+-------+----------------------
         Total | 100.0 | 100.0 |   N/A |   N/A | 100.0 | 307.8
       Dungeon | 100.0 | 100.0 |   N/A |   N/A | 100.0 | 307.8
               +-------+-------+-------+-------+-------+----------------------

Table legend: (Time is in decaauts)
 A = Elapsed time spent in this place.
 B = Non-inter-level travel time spent in this place.
 C = Inter-level travel time spent in this place.
 D = Time resting spent in this place.
 E = Time spent auto-exploring this place.
 F = Levels seen in this place.
 G = Mean time per level.
                   A        B        C        D        E       F      G
               +--------+--------+--------+--------+--------+-----+--------+
         Total |   5818 |   5566 |    252 |    766 |   3623 |   6 |  969.7 |
       Dungeon |   5818 |   5566 |    252 |    766 |   3623 |   6 |  969.7 |
               +--------+--------+--------+--------+--------+-----+--------+

Top non-repeatable levels by time:
     D:4: 1655 daAuts
     D:5: 1205 daAuts
     D:1: 1080 daAuts
     D:3: 928 daAuts
     D:2: 879 daAuts
     D:6: 69 daAuts
